 Dungeon Crawl Stone Soup version 0.29-a0-19-gef7f3e67aa (webtiles) character file.

Game seed: 13369519245780160583

27322 Grim the Spry (level 13, -1/111 HPs)
             Began as a Merfolk Berserker on Jan 29, 2022.
             Was an Elder of Trog.
             Killed by an exploding centaur warrior (29 damage)
             ... ignited by their inner flame
             ... on level 13 of the Dungeon.
             The game lasted 00:26:26 (18922 turns).

Grim the Spry (Merfolk Berserker)                  Turns: 18922, Time: 00:26:28

Health: -1/111     AC: 16    Str: 21    XL:     13   Next: 31%
Magic:  13/13      EV: 11    Int: 15    God:    Trog [****..]
Gold:   691        SH:  7    Dex: 14    Spells: 12/12 levels left

rFire   . . .      SeeInvis +   W - +12 trident of Abomination {freeze, rElec rN+}
rCold   . . .      Faith    .   H - +0 buckler
rNeg    + + .      Spirit   .   Q - +0 plate armour
rPois   .          Reflect  .   A - +0 helmet
rElec   +          Harm     .   J - +2 cloak
rCorr   +          Rampage  .   (no gloves)
Will    .....                   b - +1 pair of boots
Stlth   ..........              (no amulet)
HPRegen 0.28/turn               i - ring "Vum Mesm" {Str+4 Int+4 Slay+4}
MPRegen 0.13/turn               a - ring "Fireufov" {rN+ rCorr SInv}

@: frozen, very slow
A: (nimble swimmer 2), mertail
a: Renounce Religion, Berserk, Trog's Hand, Brothers in Arms


You were on level 13 of the Dungeon.
You worshipped Trog.
Trog was greatly pleased with you.
You visited 1 branch of the dungeon, and saw 13 of its levels.

You collected 814 gold pieces.
You spent 123 gold pieces at shops.

Inventory:

Hand Weapons
 W - the +12 trident of Abomination (weapon) {freeze, rElec rN+}
   (You acquired it on level 12 of the Dungeon)

   It freezes those it strikes, dealing additional cold damage.
   It can also slow down cold-blooded creatures.
   rElec:     It insulates you from electricity.
   rN:        It protects you from negative energy.
Missiles
 d - 4 boomerangs
 m - 2 silver boomerangs (quivered)
 v - 38 poisoned darts
 N - a curare-tipped dart
Armour
 b - a +1 pair of boots (worn)
 r - a +0 kite shield
 A - a +0 helmet (worn)
 H - a +0 buckler (worn)
 J - a +2 cloak (worn)
 Q - a +0 plate armour (worn)
Jewellery
 a - the ring "Fireufov" (right hand) {rN+ rCorr SInv}
   (You acquired it on level 12 of the Dungeon)

   [ring of resist corrosion]

   rN:        It protects you from negative energy.
   SInv:      It lets you see invisible.
   rCorr:     It protects you from acid and corrosion.
 c - a ring of ice
 i - the ring "Vum Mesm" (left hand) {Str+4 Int+4 Slay+4}
   (You acquired it on level 12 of the Dungeon)

   [ring of slaying]

   Str:       It affects your strength (+4).
   Int:       It affects your intelligence (+4).
   Slay:      It affects your accuracy & damage with ranged weapons and melee
   (+4).
 n - a ring of positive energy
 q - a ring of positive energy
 B - a ring of protection from cold
 K - a +6 ring of intelligence
 P - a ring of positive energy
 T - a +4 ring of evasion
 U - the ring "Kaots" {Fly rElec Str-3 Stlth+}
   (You took it off a centaur warrior on level 12 of the Dungeon)

   [ring of flight]

   Str:       It affects your strength (-3).
   rElec:     It insulates you from electricity.
   Fly:       It grants you flight.
   Stlth:     It makes you more stealthy.
 V - a ring of willpower
Wands
 t - a wand of mindburst (6)
 u - a wand of iceblast (36)
 O - a wand of flame (16)
 R - a wand of polymorph (11)
Scrolls
 g - 4 scrolls of identify
 h - 3 scrolls of immolation
 o - 4 scrolls of teleportation
 x - a scroll of enchant armour {unknown}
 y - 5 scrolls of torment
 C - 3 scrolls of noise {unknown}
 D - 4 scrolls of enchant weapon {unknown}
 E - a scroll of holy word {unknown}
 G - a scroll of amnesia {unknown}
 I - a scroll of blinking {unknown}
 L - 2 scrolls of vulnerability {unknown}
Potions
 e - 6 potions of curing
 f - 2 potions of mutation {unknown}
 j - 2 potions of ambrosia {unknown}
 l - 2 potions of might {unknown}
 p - 3 potions of heal wounds
 s - 3 potions of brilliance
 z - a potion of attraction {unknown}
 F - a potion of degeneration {unknown}
 S - a potion of flight {unknown}


   Skills:
 - Level 13.1 Fighting
 - Level 14.0 Polearms
 - Level 1.3 Armour
 - Level 15.1 Dodging
 * Level 12.0 Shields


You had 12 spell levels left.
You didn't know any spells.
Your spell library was empty.

Dungeon Overview and Level Annotations

Branches:
Dungeon (13/15)            Temple (0/1) D:7            Lair (0/6) D:11
    Orc (0/2) D:10
 Vaults: D:13-14

Altars:
Hepliaklqana
Nemelex Xobeh
Okawaru
Sif Muna
Yredelemnul
Zin
Beogh

Shops:
D:4 (!?[*   D:12 *


Innate Abilities, Weirdness & Mutations

((You are very nimble when in or above water. (Stealth+, EV+, Speed+++)))
Your lower body shifts to a powerful aquatic tail in water.


Message History

The fiery explosion engulfs the centaur!!
Trog accepts your kill.
The centaur explodes!
The fiery explosion engulfs the centaur!!
The centaur is almost dead.
The fiery explosion engulfs the centaur warrior!!
Trog accepts your kill.
The fiery explosion engulfs the rime drake!!
Trog accepts your kill.
The rime drake explodes!
The fiery explosion engulfs you!!
* * * LOW HITPOINT WARNING * * *
The centaur warrior explodes!
The fiery explosion engulfs the centaur warrior!!
Flame seeps out of the centaur warrior.
The centaur warrior is almost dead.
The fiery explosion engulfs the centaur!!!
You kill the centaur!
Trog accepts your kill.
The centaur warrior is engulfed in blazing flames.
Flame seeps out of the centaur warrior.
The centaur warrior unwields a +0 shortbow of freezing.
The centaur warrior hits you.
* * * LOW HITPOINT WARNING * * *
The centaur warrior kicks you but does no damage.
You hear a shout!
You hear an angry buzzing noise.
Your Shields skill increases to level 12!
You feel much better.
You are engulfed in blazing flames.
* * * LOW HITPOINT WARNING * * *
The centaur wields a +0 shortbow.
The centaur shoots an arrow.
The arrow hits you.
* * * LOW HITPOINT WARNING * * *
The centaur warrior is engulfed in blazing flames.
Trog accepts your kill.
The centaur warrior explodes!
The fiery explosion engulfs the rime drake!!
Flame seeps out of the rime drake.
The rime drake is severely wounded.
The fiery explosion engulfs you!!
You die...

#...# #....##....# .... ....#
#....##....##.... ....#
#....#...........
#.#######...##..........
#.###.#†.#####..(....... ..
.......#....##....######## ..
.......+....##....##$....##.
..###.########....#.........
..###.###...##.§@.#........
......<.......§§○§#......# ##
..............§k§§##.....# ..##
...#######..##.§)§##.....##...#..
...# ######..cR##.....c.......
#### #........Q○.kp.cc......≈≈
#..........○....c.....###
##..##....##.....##c.....
##..############## .k....


You could see an efreet, a rime drake (inner flame), a tengu conjurer and a
centaur.

Vanquished Creatures
  3 boulder beetles
  A hydra (D:11)
  5 centaur warriors
  A two-headed ogre (D:10)
  A skeletal warrior (D:10)
  Pikel (D:8)
  A wizard (D:13)
  2 deep elf pyromancers
  2 oklob plants (D:11)
  3 ugly things
  3 cyclopes
  A manticore (D:12)
  3 gargoyles (D:12)
  5 kobold demonologists
  A rime drake (D:13)
  2 tengu conjurers (D:12)
  4 trolls
  A blink frog (shapeshifter) (D:12)
  A jumping spider (shapeshifter) (D:10)
  A shadow (D:12)
  23 yaks
  2 basilisks (D:12)
  6 vampire mosquitoes
  2 wargs (D:8)
  2 acid dragons (D:10)
  2 water moccasins (D:7)
  A black bear (D:6)
  3 hornet zombies
  An ice beast (D:7)
  4 orc warriors
  2 necrophages
  3 sky beasts
  6 ogres
  12 centaurs
  6 kobold brigands
  A phantom (D:4)
  4 bullfrogs
  An earth elemental (D:12)
  A wyvern zombie (D:5)
  2 scorpions
  5 gnoll sergeants
  14 wights
  10 howler monkeys
  A bullfrog skeleton (D:7)
  A jelly (D:5)
  3 centaur zombies
  10 orc priests
  A centaur skeleton (D:7)
  14 hounds
  2 gnoll shamans
  14 orc wizards
  3 iguanas
  A hound skeleton (D:4)
  11 adders
  19 gnolls
  3 shadow imps
  2 white imps
  2 ufetubi
  3 worms
  2 dart slugs (D:2)
  43 orcs
  7 ball pythons
  4 bats
  8 endoplasms
  4 giant cockroaches
  2 goblins
  6 hobgoblins
  8 kobolds
  6 quokkas
  4 frilled lizards
  5 rats
344 creatures vanquished.

Vanquished Creatures (others)
  7 bushes (D:11)
  5 plants
12 creatures vanquished.

Grand Total: 356 creatures vanquished

Notes
Turn   | Place    | Note
-------+----------+-------------------------------------------
     0 | D:1      | Grim the Merfolk Berserker began the quest for the Orb.
     0 | D:1      | Reached XP level 1. HP: 18/18 MP: 1/1
   291 | D:1      | Reached skill level 5 in Polearms
   303 | D:1      | Found a faded altar of an unknown god.
   317 | D:1      | Reached XP level 2. HP: 24/24 MP: 2/2
  1013 | D:2      | Reached XP level 3. HP: 15/29 MP: 3/3
  1434 | D:2      | Reached ** piety under Trog
  1682 | D:2      | Reached XP level 4. HP: 21/35 MP: 4/4
  2562 | D:3      | Reached XP level 5. HP: 41/41 MP: 5/5
  3318 | D:4      | Found Onucawn's Antique Weapon Shoppe.
  3499 | D:4      | Noticed an ogre
  3534 | D:4      | Reached XP level 6. HP: 34/47 MP: 6/6
  3703 | D:4      | Reached skill level 10 in Polearms
  3871 | D:4      | Found Cumootoso's Distillery.
  3913 | D:4      | Found a basalt altar of Yredelemnul.
  3942 | D:4      | Found Zuano's Antique Armour Shoppe.
  3969 | D:4      | Reached XP level 7. HP: 35/52 MP: 7/7
  4133 | D:4      | Bought a runed trident for 123 gold pieces
  4197 | D:4      | Found Fosuco's Magic Scroll Boutique.
  4252 | D:4      | Found Ribremp's Assorted Antiques.
  4623 | D:5      | Entered Level 5 of the Dungeon
  5232 | D:5      | Reached *** piety under Trog
  5242 | D:5      | Reached XP level 8. HP: 58/58 MP: 8/8
  5454 | D:6      | Reached skill level 3 in Dodging
  5831 | D:6      | Reached skill level 4 in Dodging
  6005 | D:6      | Reached skill level 5 in Fighting
  6005 | D:6      | Reached skill level 5 in Dodging
  6256 | D:6      | Reached XP level 9. HP: 67/68 MP: 9/9
  6549 | D:7      | Reached skill level 6 in Dodging
  6582 | D:7      | Found a staircase to the Ecumenical Temple.
  6943 | D:7      | Reached skill level 7 in Dodging
  7229 | D:7      | Reached skill level 8 in Dodging
  7402 | D:7      | Reached skill level 9 in Dodging
  7773 | D:7      | Reached **** piety under Trog
  8191 | D:7      | Reached XP level 10. HP: 82/82 MP: 10/10
  8357 | D:7      | Reached skill level 10 in Dodging
  9094 | D:8      | Noticed Pikel
  9103 | D:8      | Killed Pikel
  9248 | D:8      | Reached skill level 11 in Dodging
  9391 | D:8      | Reached skill level 10 in Fighting
 10002 | D:8      | Reached skill level 12 in Dodging
 10143 | D:8      | Reached XP level 11. HP: 74/92 MP: 11/11
 10586 | D:8      | Reached skill level 13 in Dodging
 11713 | D:9      | Found a shimmering blue altar of Sif Muna.
 11803 | D:10     | Entered Level 10 of the Dungeon
 11851 | D:10     | Noticed a cyclops
 11857 | D:10     | Killed a cyclops
 11973 | D:10     | Found a staircase to the Orcish Mines.
 12020 | D:10     | Identified the +1 leather armour "Pauquehuorph" {rPois}
 12029 | D:10     | Noticed a centaur warrior
 12039 | D:10     | Killed a centaur warrior
 12040 | D:10     | Reached skill level 14 in Dodging
 12710 | D:10     | Noticed a two-headed ogre
 12717 | D:10     | Noticed a skeletal warrior
 12739 | D:10     | Killed a two-headed ogre
 12851 | D:10     | Killed a skeletal warrior
 13757 | D:10     | Found a hazy altar of Hepliaklqana.
 13763 | D:10     | Found a sparkling altar of Nemelex Xobeh.
 13763 | D:10     | Found a glowing silver altar of Zin.
 13764 | D:10     | Found an iron altar of Okawaru.
 13814 | D:11     | Noticed an oklob plant
 13818 | D:11     | Found a staircase to the Lair.
 13818 | D:11     | Noticed an oklob plant
 13830 | D:11     | Killed an oklob plant
 13831 | D:11     | Reached skill level 15 in Dodging
 13831 | D:11     | Reached XP level 12. HP: 105/105 MP: 12/12
 14574 | D:11     | Reached skill level 5 in Shields
 14854 | D:11     | Noticed a four-headed hydra
 14861 | D:11     | Killed a four-headed hydra
 15338 | D:12     | Found Puodulem's Pet Rocks.
 16087 | D:12     | Noticed a boulder beetle
 16101 | D:12     | Killed a boulder beetle
 16319 | D:12     | Noticed a boulder beetle
 16341 | D:12     | Killed a boulder beetle
 17067 | D:12     | Reached skill level 10 in Shields
 17325 | D:12     | Reached XP level 13. HP: 55/111 MP: 13/13
 17764 | D:13     | Identified the ring "Kaots" {Fly rElec Str-3 Stlth+}
 17799 | D:12     | HP: 4/111 [poisoned by a black mamba]
 18392 | D:12     | Identified 3 scrolls of acquirement
 18394 | D:12     | Acquired the +12 trident of Abomination {freeze, rElec rN+}
 18401 | D:12     | Acquired the ring "Fireufov" {rN+ rCorr SInv}
 18407 | D:12     | Acquired the ring "Vum Mesm" {Str+4 Int+4 Slay+4}
 18921 | D:13     | HP: 2/111 [centaur warrior (6)]
 18922 | D:13     | Killed by an exploding centaur warrior... ignited by their
                  | inner flame

Illustrated notes

Levels and vault maps discovered:
D:1:      onia_arrival_mini_maze, layout_loops_ring,
          hellmonk_ecumenical_altar_inner_sanctum
D:2:      layout_basic
D:3:      layout_basic, cheibrodos_gnoll_hut
D:4:      layout_gridville, mainiacjoe_overflow_24_doors, serial_shops, shop,
          shop, shop, nicolae_square_shop, nicolae_shop_hallway_stairs
D:5:      layout_rooms
D:6:      layout_basic, chequers_serial_rivers_room_b,
          kennysheep_generic_room_11
D:7:      layout_loops_corners, minmay_temple_entry_overgrown, nzn_random_ring
D:8:      lemuel_castle_with_subvaults [lemuel_castle_interior_carwin_1],
          layout_basic, serial_rivers, chequers_serial_rivers_small_a,
          chequers_serial_rivers_room_a, chequers_serial_rivers_small_b,
          chequers_serial_rivers_small_3, chequers_serial_rivers_large_a,
          chequers_serial_rivers_room_b, uniq_pikel
D:9:      layout_irregular_city, led_sif_book, chequers_serial_rivers_micro_c,
          st_stairs_11, minivault_16
D:10:     minmay_chambers_of_sixes, layout_rooms, overflow_temple_1_default,
          grunt_temple_overflow_open, minmay_orc_entry_temple_small
D:11:     minmay_klotski, layout_loops_cross, dpeg_oklobed_lair
D:12:     layout_basic, small_chamber_with_monster, guppyfry_shop_earth
D:13:     layout_gridville, portal_ice_cave_rime, hellmonk_guarded_unrand_night,
          uniq_erolcha

Skill      XL: |  1  2  3  4  5  6  7  8  9 10 11 12 13 |
---------------+----------------------------------------+-----
Polearms       | 5 6 7 8 9 11 13 14 | 14.0
Dodging        | 5 9 12 15 | 15.1
Fighting       | 5 8 10 13 | 13.1
Shields        | 10 12 | 12.0
Armour         | |  1.3

Action                   |  1- 3 |  4- 6 |  7- 9 | 10-12 | 13-15 || total
-------------------------+-------+-------+-------+-------+-------++-------
Melee: Spear             |   112 |   169 |     5 |       |       ||   286
       Punch             |     1 |     1 |     5 |     5 |       ||    12
       Trident           |       |       |   339 |   793 |    62 ||  1194
       Tailslap          |       |       |       |     5 |       ||     5
Throw: Boomerang         |       |     5 |       |       |       ||     5
Invok: Berserk           |     2 |     4 |     6 |    20 |     1 ||    33
       Trog's Hand       |       |       |     3 |     4 |     1 ||     8
  Use: Potion            |       |       |       |     1 |     4 ||     5
       Scroll            |       |       |       |       |     9 ||     9
 Stab: Sleeping          |     1 |       |       |       |       ||     1
       Distracted        |       |       |       |     1 |       ||     1
Armor: Scale mail        |    20 |    28 |    73 |    53 |       ||   174
       Plate armour      |       |       |       |   111 |    42 ||   153
Dodge: Dodged            |    31 |    50 |    95 |   213 |    35 ||   424
Block: Buckler           |       |       |       |    29 |    35 ||    64

Table legend: (Time is in decaauts)
 A = Elapsed time spent in this place.
 B = Non-inter-level travel time spent in this place.
 C = Inter-level travel time spent in this place.
 D = Time resting spent in this place.
 E = Time spent auto-exploring this place.
 F = Levels seen in this place.
 G = Mean time per level.
                   A        B        C        D        E       F      G
               +--------+--------+--------+--------+--------+-----+--------+
         Total |  18628 |  18114 |    514 |   6710 |   9202 |  13 | 1432.9 |
       Dungeon |  18628 |  18114 |    514 |   6710 |   9202 |  13 | 1432.9 |
               +--------+--------+--------+--------+--------+-----+--------+

Top non-repeatable levels by time:
    D:12: 3090 daAuts
     D:7: 2537 daAuts
    D:10: 1713 daAuts
     D:4: 1569 daAuts
    D:11: 1512 daAuts
     D:8: 1427 daAuts
     D:2: 1415 daAuts
     D:9: 1300 daAuts
     D:6: 1135 daAuts
     D:3: 1020 daAuts
     D:1: 892 daAuts
     D:5: 582 daAuts
    D:13: 431 daAuts
